 Dungeon Crawl Stone Soup version 0.27-a0-705-ga0013940fb (webtiles) character file.

Game seed: 16562119917797758303

196524 sizableburger the Fighter (level 17, -1/133 HPs)
             Began as a Mummy Fire Elementalist on Mar 22, 2021.
             Was the Champion of Qazlal.
             Hit by a silver javelin thrown by a merfolk javelineer (12 damage)
             ... on level 4 of the Shoals on Mar 23, 2021.
             The game lasted 04:38:30 (57572 turns).

sizableburger the Fighter (MuFE)                   Turns: 57572, Time: 04:38:31

Health: -1/133     AC: 22    Str: 13    XL:     17   Next: 74%
Magic:  10/33      EV: 12    Int: 32    God:    Qazlal [******]
Gold:   1517       SH: 13    Dex: 13    Spells: 8/40 levels left

rFire    + . .     SeeInvis .   l - staff of fire
rCold    . . .     Faith    +   k - +0 buckler
rNeg     + + +     Spirit   .   D - +1 swamp dragon scales of Inquiry {rPois Will+ Str+2}
rPois    ∞         Reflect  .   B - +2 helmet {Int+3}
rElec    .         Harm     .   K - +2 cloak {rCorr}
rCorr    +         Rampage  .   m - +2 pair of gloves
Will     ++++.                  r - +0 pair of boots
Stlth    +.........             b - amulet of Gafyix {Faith Int+2}
HPRegen  0.32/turn              e - ring "Zukiz" {Will+ Int+6}
MPRegen  0.23/turn              h - ring of fire

@: studying Ice Magic, repel missiles
A: cold resistance 1, negative energy resistance 3, torment resistance 2,
unbreathing 1, heat vulnerability 1, in touch with death 1, no potions
}: 1/15 runes: gossamer
a: Renounce Religion, Upheaval, Elemental Force, Disaster Area


You were on level 4 of the Shoals.
You worshipped Qazlal.
Qazlal was exalted by your worship.
You visited 6 branches of the dungeon, and saw 29 of its levels.
You visited 1 bazaar.
You also visited: Ossuary and Volcano.

You collected 2909 gold pieces.
You spent 1392 gold pieces at shops.

Inventory:

Hand Weapons
 f - a +6 whip of venom
 J - the +8 arc blade {discharge, rElec}
   (You took it off Nikola on level 1 of the Shoals)

   It insulates you from electricity.
Missiles
 E - 4 throwing nets
Armour
 k - a +0 buckler (worn)
 m - a +2 pair of gloves (worn)
 r - a +0 pair of boots (worn)
 B - a +2 helmet of intelligence (worn)
 D - the +1 swamp dragon scales of Inquiry (worn) {rPois Will+ Str+2}
   (You found it on level 5 of the Lair of Beasts)

   It affects your strength (+2).
   It protects you from poison.
   It affects your willpower, your defense against some magical effects.
 K - a +2 cloak of preservation (worn)
Magical Staves
 l - a staff of fire (weapon)
 I - a staff of air
Jewellery
 b - the amulet of Gafyix (around neck) {Faith Int+2}
   (You acquired it on level 4 of the Dungeon)

   [amulet of faith]

   It allows you to gain divine favour quickly.
   It affects your intelligence (+2).
 c - a ring of magical power
 e - the ring "Zukiz" (right hand) {Will+ Int+6}
   (You acquired it on level 4 of the Lair of Beasts)

   [ring of intelligence]

   It affects your intelligence (+6).
   It affects your willpower, your defense against some magical effects.
 h - a ring of fire (left hand)
 p - a ring of resist corrosion
 v - a ring of fire
 x - a ring of ice
 H - the ring "Kuxyahoj" {rPois rN+ Int+3 SInv}
   (You bought it in a shop on level 2 of the Orcish Mines)

   [ring of see invisible]

   It affects your intelligence (+3).
   It protects you from poison.
   It protects you from negative energy.
   It lets you see invisible.
 N - a ring of ice
Wands
 j - a wand of acid (2)
 o - a wand of iceblast (7)
 s - a wand of polymorph (21)
 w - a wand of paralysis (11)
 y - a wand of flame (16)
 z - a wand of digging (13)
 F - a wand of mindburst (6)
 G - a wand of random effects (17)
Scrolls
 a - a scroll of magic mapping
 d - 5 scrolls of immolation
 g - 4 scrolls of vulnerability
 i - 8 scrolls of amnesia
 n - a scroll of summoning
 q - 16 scrolls of identify
 t - a scroll of torment
 u - 5 scrolls of teleportation
Miscellaneous
 C - a phantom mirror (inert)


   Skills:
 - Level 12.1 Fighting
 + Level 5.1 Short Blades
 - Level 4.8(5.5) Maces & Flails
 - Level 3.8(5.0) Staves
 + Level 8.5 Armour
 - Level 5.4 Dodging
 - Level 1.5 Stealth
 - Level 4.0 Shields
 - Level 12.1 Spellcasting
 - Level 8.2 Conjurations
 - Level 2.1 Hexes
 - Level 2.3 Translocations
 + Level 10.3 Fire Magic
 + Level 9.4 Ice Magic
 - Level 2.2 Air Magic
 - Level 5.0 Earth Magic
 - Level 5.3 Poison Magic
 - Level 9.4 Invocations
 - Level 9.1 Evocations


You had 8 spell levels left.
You knew the following spells:

 Your Spells              Type           Power      Damage    Failure   Level
a - Foxfire               Conj/Fire      100%       2x1d9     1%          1
b - Sticky Flame          Conj/Fire      100%       2d11      1%          4
c - Blink                 Tloc           N/A        N/A       2%          2
d - Mephitic Cloud        Conj/Pois/Air  52%        N/A       1%          3
e - Poisonous Vapours     Pois/Air       86%        N/A       1%          2
f - Ignite Poison         Fire/Tmut/Pois 87%        N/A       1%          3
g - Inner Flame           Hex/Fire       93%        N/A       1%          3
h - Olgreb's Toxic Radia  Pois           52%        N/A       4%          4
i - Bolt of Magma         Conj/Fire/Erth 51%        4d21      4%          5
j - Fireball              Conj/Fire      54%        3d21      2%          5

Your spell library contained the following spells:

 Spells                   Type           Power      Damage    Failure   Level
 Apportation              Tloc           68%        N/A       1%          1
 Freeze                   Ice            100%       1d11      1%          1
 Magic Dart               Conj           100%       1d8       1%          1
 Sandblast                Erth           100%       2d20      1%          1
 Sting                    Tmut/Pois      100%       1d8       1%          1
 Searing Ray              Conj           100%       3d7       1%          2
 Conjure Flame            Conj/Fire      100%       6-21      1%          3
 Dazzling Flash           Conj/Hex       100%       N/A       1%          3
 Frozen Ramparts          Ice            100%       1d12      1%          3
 Ozocubu's Armour         Ice            68%        N/A       1%          3
 Hailstorm                Conj/Ice       66%        3d14      1%          4
 Slow                     Hex            33%        N/A       3%          2
 Summon Small Mammal      Summ           76%        N/A       4%          1
 Iskenderun's Mystic Bla  Conj/Tloc      52%        2d11      4%          4
 Lesser Beckoning         Tloc           17%        N/A       5%          3
 Fulminant Prism          Conj/Hex       25%        3d14      5%          4
 Tukima's Dance           Hex            33%        N/A       6%          3
 Summon Ice Beast         Ice/Summ       49%        N/A       6%          4
 Call Imp                 Summ           19%        N/A       7%          2
 Summon Guardian Golem    Hex/Summ       26%        N/A       9%          3
 Call Canine Familiar     Summ           19%        N/A       14%         3
 Starburst                Conj/Fire      54%        8x6d15    16%         6
 Cause Fear               Hex            16%        N/A       19%         4
 Summon Lightning Spire   Summ/Air       26%        N/A       28%         4
 Alistair's Intoxication  Tmut/Pois      24%        N/A       38%         5
 Freezing Cloud           Conj/Ice/Air   29%        6-21      41%         6
 Silence                  Hex/Air        16%        N/A       45%         5
 Yara's Violent Unravell  Hex/Tmut       13%        3d7       63%         5
 Ozocubu's Refrigeration  Ice            34%        4d11      63%         7
 Invisibility             Hex            33%        N/A       96%         6
 Ignition                 Fire           57%        3d16      99%         8
 Discord                  Hex            16%        N/A       100%        8
 Shatter                  Erth           25%        3d21*     100%        9
 Statue Form              Tmut/Erth      Unusable   N/A       N/A         6

Dungeon Overview and Level Annotations

Branches:
Dungeon (12/15)            Temple (1/1) D:5            Lair (6/6) D:11
 Shoals (4/4) Lair:2       Spider (4/4) Lair:4          Orc (2/2) D:12
    Elf (0/3) Orc:2       Ossuary (visited)         Volcano (visited)
  Slime: Lair:5-6

Altars:
Ashenzari
Dithmenos
Fedhas
Gozag
Hepliaklqana
Makhleb
Okawaru
Qazlal
Ru
Trog
Wu Jian
Xom
Beogh

Shops:
D:5 *   D:10 *   Orc:2 (*:[   Shoals:1 !

Portals:
Gauntlet: Lair:6

Annotations:
D:5 2 transporters, Ajencis's ghost, novice BaIE
D:10 3 runed translucent doors, jasper's ghost, novice DsWr
Lair:6 Rupert
Spider:3 3 runed translucent doors, Tenahar's ghost, journeyman FeCK


Innate Abilities, Weirdness & Mutations

You are immune to poison.
Your flesh is cold resistant. (rC+)
You are immune to negative energy. (rN+++)
You are immune to unholy pain and torment.
You can survive without breathing.
You are vulnerable to heat. (rF-)
You are in touch with the powers of death.
You do not drink.


Message History

The merfolk javelineer throws a silver javelin.
The silver javelin closely misses you.
Your surroundings suddenly seem different.
You enter the shallow water.
Moving in this stuff is going to be slow.
The merfolk javelineer throws a silver javelin.
The silver javelin pierces through you!
* * * LOW HITPOINT WARNING * * *
x2 The merfolk javelineer throws a silver javelin.
The silver javelin pierces through you but does no damage.
* * * LOW HITPOINT WARNING * * *
Okay, then.
Okay, then.
Okay, then.
Aiming: Phantom Mirror
Press: ? - help, Dir - move target, f - merfolk javelineer
Aim: a merfolk javelineer, wielding a +0 spear of venom, wearing a +0 leather armour and quivering silver javelins You reflect the merfolk javelineer with the mirror!
The mirror clouds!
The merfolk javelineer throws a silver javelin.
The silver javelin barely misses you.
Your merfolk javelineer throws a silver javelin.
The silver javelin pierces through the merfolk javelineer!
The merfolk javelineer throws a silver javelin.
The silver javelin pierces through you but does no damage.
* * * LOW HITPOINT WARNING * * *
What are your orders? t - Shout!
Orders for allies: a - Attack new target. p - Attack previous target. r - Retreat! s - Stop attacking. g - Guard the area. f - Follow me.
Anything else - Cancel.
Okay, then.
Okay, then.
Unknown command.
Your merfolk javelineer throws a silver javelin.
The silver javelin pierces through the merfolk javelineer!
The merfolk javelineer throws a silver javelin.
The silver javelin pierces through you!
You die...

≈≈≈≈≈≈≈≈≈≈≈≈≈≈≈≈≈≈≈≈≈≈≈≈≈≈≈≈≈≈≈≈≈
≈≈≈≈≈≈≈≈≈≈≈≈≈≈≈≈≈≈≈≈≈≈≈≈≈≈≈≈≈≈≈≈≈
≈≈≈≈≈≈≈≈≈≈≈≈≈≈≈≈≈≈≈≈≈≈≈≈≈≈≈≈≈≈≈.≈
≈≈≈≈≈≈≈≈≈≈...≈≈≈≈≈≈≈≈≈≈≈≈≈≈≈.....
≈≈≈≈≈≈≈≈≈.....≈≈≈≈≈≈≈≈≈≈≈≈≈......
≈≈≈≈≈≈≈≈≈≈.....○≈§...≈≈≈≈≈≈...###
≈≈≈≈≈≈≈≈≈..##..○......≈≈≈≈≈^.## #
≈≈≈≈≈≈≈≈P.###..☼○°.#..≈≈≈....####
≈≈≈≈≈≈≈P≈..#....@..○...≈.........
≈≈≈≈≈≈≈P...##...(○...§≈..........
≈≈≈≈≈≈P≈≈.###..☼....≈≈...........
≈≈≈≈≈≈≈≈≈PP....)[..§°≈≈......##..
≈≈≈≈≈≈≈≈P!...<)##..≈≈≈......###..
≈≈≈≈≈≈≈≈≈....(####.≈≈≈...........
≈≈≈≈≈≈≈≈≈.....# ##.≈≈≈mm.#####...
≈≈≈≈≈≈≈≈≈.≈...###..≈≈≈..## #...
≈≈≈≈≈≈≈≈≈≈≈≈........≈≈...# ##.≈≈


You could see a merfolk javelineer (ally target) and a friendly merfolk
javelineer (summoned, drained).

Vanquished Creatures
  Nikola (Shoals:1)
  Arachne (Spider:4)
  A kraken (Shoals:4)
  Polyphemus (Shoals:4)
  Ilsuiw (Shoals:3)
  4 ghost moths
  An orc warlord (Orc:2)
  7 emperor scorpions
  The ghost of Drazool the Champion of Chaos, a journeyman DsGl of Makhleb (Orc:1)
  Nessos (Orc:2)
  4 entropy weavers
  A spark wasp (Spider:2)
  Snorg (D:11)
  4 merfolk javelineers
  6 merfolk impalers
  A fire dragon (Volcano)
  Fannar (D:11)
  An ice dragon (D:11)
  2 catoblepae
  A boulder beetle (Spider:2)
  A hydra (Lair:3)
  A centaur warrior (Shoals:3)
  3 merfolk aquamancers (Shoals:4)
  Erolcha (Orc:2)
  6 merfolk avatars
  Erica (D:8)
  12 death yaks
  5 two-headed ogres (Volcano)
  2 satyrs (Shoals:2)
  2 orc high priests
  7 sea snakes
  An unseen horror (D:11)
  Pikel (D:5)
  23 harpies
  5 orc knights (Orc:2)
  4 oklob plants (Lair:5)
  30 wolf spiders
  17 orb spiders
  4 orc sorcerers
  12 manticores
  9 fauns
  A cyclops (Shoals:4)
  3 salamanders (Volcano)
  A moth of wrath (Spider:1)
  5 water nymphs
  14 merfolk sirens
  6 black mambas
  An elephant (Lair:5)
  2 gargoyles
  Maggie (D:9)
  16 komodo dragons
  14 cane toads
  5 rime drakes
  10 demonic crawlers
  6 wind drakes
  23 merfolk
  2 polar bears
  38 jumping spiders
  A queen bee (Lair:1)
  4 trolls
  A hornet (Spider:2)
  8 snapping turtles
  3 dream sheep
  5 blink frogs (Lair:1)
  3 water elementals
  67 redbacks
  2 wyverns
  15 tarantellas
  45 yaks
  6 basilisks
  7 fire bats (Volcano)
  Grum (D:9)
  2 steam dragons (Volcano)
  5 vampire mosquitoes (D:12)
  4 wargs
  Duvessa (D:4)
  11 water moccasins
  3 ice beasts
  3 sky beasts
  A black bear (Lair:3)
  23 orc warriors
  19 ogres
  5 wolves
  14 centaurs
  3 phantoms
  Blork the orc (Orc:2)
  A kobold brigand (D:10)
  17 bullfrogs
  Dowan (D:4)
  15 scorpions
  29 killer bees
  An electric eel (Spider:1)
  3 centaur zombies (Ossuary)
  2 quasits
  A bullfrog zombie (D:8)
  2 hounds
  4 human zombies (Ossuary)
  16 orc priests
  A jelly (D:5)
  2 bullfrog skeletons
  2 centaur skeletons
  7 iguanas
  25 orc wizards
  Natasha (thrice) (D:3)
  10 worker ants
  A killer bee zombie (D:9)
  3 mummies (Ossuary)
  A hound zombie (D:5)
  A worker ant zombie (D:8)
  13 gnolls
  13 adders
  4 scorpion zombies (Ossuary)
  5 shadow imps
  5 white imps
  2 ufetubi
  4 worms
  92 orcs
  6 giant cockroaches
  7 goblins
  10 hobgoblins
  14 jackals
  7 oozes
  12 quokkas
  7 ball pythons
  13 bats
  4 frilled lizards
  A gnoll zombie (Ossuary)
  3 goblin zombies (Ossuary)
  4 hobgoblin zombies (Ossuary)
  11 kobolds
  2 kobold zombies (Ossuary)
  2 orc zombies (Ossuary)
  A quokka skeleton (D:5)
  5 rats
  4 tentacles (Shoals:4)
998 creatures vanquished.

Vanquished Creatures (collateral kills)
  A merfolk impaler (Shoals:1)
  2 sea snakes (Shoals:1)
  2 harpies (Shoals:1)
  A merfolk siren (Shoals:1)
  A cane toad (Lair:2)
  A basilisk (Lair:2)
  A foxfire (Shoals:4)
9 creatures vanquished.

Vanquished Creatures (others)
  An orb spider (Spider:3)
  A moth of wrath (Spider:3)
  A faun (Shoals:1)
  A merfolk (Shoals:3)
  A redback (Spider:3)
  A wyvern (Volcano)
  A steam dragon (Volcano)
  An orc wizard (Orc:2)
  761 foxfires
  16 fungi
  254 plants
1039 creatures vanquished.

Grand Total: 2046 creatures vanquished

Notes
Turn   | Place    | Note
-------+----------+-------------------------------------------
     0 | D:1      | sizableburger the Mummy Fire Elementalist began the quest
                  | for the Orb.
     0 | D:1      | Reached XP level 1. HP: 13/13 MP: 4/4
    60 | D:1      | Reached skill level 1 in Conjurations
   131 | D:1      | Reached XP level 2. HP: 19/19 MP: 2/5
   848 | D:1      | Reached XP level 3. HP: 19/24 MP: 5/7
  1981 | D:2      | Reached XP level 4. HP: 30/30 MP: 4/8
  2319 | D:2      | Reached skill level 1 in Maces & Flails
  3253 | D:3      | Noticed Natasha
  3397 | D:3      | Killed Natasha
  3398 | D:3      | Reached XP level 5. HP: 24/35 MP: 6/9
  3582 | D:3      | Noticed Natasha
  3588 | D:3      | Killed Natasha
  3919 | D:3      | Reached XP level 6. HP: 41/41 MP: 6/10
  3970 | D:3      | Found a stormy altar of Qazlal.
  3984 | D:3      | Became a worshipper of Qazlal Stormbringer
  4100 | D:3      | Noticed Natasha
  4105 | D:3      | Killed Natasha
  4327 | D:4      | Identified a scroll of acquirement
  4327 | D:4      | Acquired the amulet of Gafyix {Faith Int+2}
  4384 | D:4      | Found a sand-covered staircase.
  4389 | Ossuary  | Entered an ossuary
  4847 | Ossuary  | Reached XP level 7. HP: 45/46 MP: 5/11
  4935 | Ossuary  | Reached * piety under Qazlal
  4941 | Ossuary  | Reached skill level 1 in Fighting
  5853 | Ossuary  | Reached XP level 8. HP: 52/57 MP: 6/13
  6051 | D:4      | Learned a level 4 spell: Sticky Flame
  6138 | D:4      | Found a bloodstained altar of Trog.
  6395 | D:4      | Reached ** piety under Qazlal
  6546 | D:4      | Noticed Dowan
  6676 | D:4      | Killed Dowan
  6740 | D:4      | Noticed Duvessa
  6751 | D:4      | Killed Duvessa
  6752 | D:4      | Reached skill level 1 in Invocations
  7040 | D:4      | Learned a level 2 spell: Blink
  7100 | D:4      | Found a broken altar of Ashenzari.
  7425 | D:4      | Learned a level 3 spell: Mephitic Cloud
  7763 | D:5      | Entered Level 5 of the Dungeon
  7775 | D:4      | Reached skill level 1 in Translocations
  8109 | D:5      | Noticed Pikel
  8117 | D:5      | Killed Pikel
  8118 | D:5      | Reached skill level 5 in Spellcasting
  8118 | D:5      | Reached XP level 9. HP: 66/66 MP: 1/17
  8343 | D:5      | Identified the +1 robe of Ru's Scorn {+Inv rPois rF+ SInv}
  8343 | D:5      | Found a staircase to the Ecumenical Temple.
  8349 | Temple   | Entered the Ecumenical Temple
  9407 | D:5      | Found a blossoming altar of Fedhas.
  9424 | D:5      | Found a transporter.
  9428 | D:5      | Found a transporter.
  9428 | D:5      | Noticed Ajencis's ghost (novice BaIE)
  9597 | D:5      | Found Asmiohei's Elemental Accessories.
  9613 | D:5      | Identified the Handbook of the Vitriolic Mountains
  9616 | D:5      | Acquired a staff of fire
  9825 | D:6      | Reached *** piety under Qazlal
  9896 | D:6      | Found a blossoming altar of Fedhas.
 10210 | D:6      | Found a glowing drain.
 10273 | D:6      | Found an iron altar of Okawaru.
 10322 | D:6      | Reached skill level 1 in Staves
 10339 | D:6      | Reached skill level 5 in Fighting
 10339 | D:6      | Reached skill level 1 in Air Magic
 10343 | D:6      | Reached skill level 1 in Poison Magic
 10447 | D:6      | Found an ancient bone altar of Kikubaaqudgha.
 10463 | D:6      | Found a hazy altar of Hepliaklqana.
 10463 | D:6      | Found a hazy altar of Hepliaklqana.
 10505 | D:6      | Found a shimmering altar of Xom.
 10505 | D:6      | Found a shimmering altar of Xom.
 10505 | D:6      | Found a shadowy altar of Dithmenos.
 10516 | D:6      | Learned a level 2 spell: Poisonous Vapours
 10520 | D:6      | Learned a level 3 spell: Ignite Poison
 12214 | D:8      | Reached **** piety under Qazlal
 12216 | D:8      | Noticed Erica
 12386 | D:8      | Reached XP level 10. HP: 67/75 MP: 13/19
 12451 | D:8      | Learned a level 3 spell: Inner Flame
 12648 | D:8      | Killed Erica
 12649 | D:8      | Reached skill level 1 in Hexes
 13702 | D:9      | Found an ornate altar of the Wu Jian Council.
 14040 | D:9      | Reached skill level 5 in Invocations
 14043 | D:9      | Noticed Grum
 14061 | D:9      | Killed Grum
 14092 | D:9      | Noticed Maggie
 14119 | D:9      | Killed Maggie
 14299 | D:9      | Found a sacrificial altar of Ru.
 14867 | D:10     | Entered Level 10 of the Dungeon
 14996 | D:9      | Reached skill level 1 in Evocations
 15292 | D:10     | Reached ***** piety under Qazlal
 15357 | D:10     | Learned a level 4 spell: Olgreb's Toxic Radiance
 15415 | D:10     | Found a runed translucent gate.
 15474 | D:10     | Found a runed translucent gate.
 15475 | D:10     | Found an opulent altar of Gozag.
 15475 | D:10     | Found a runed translucent gate.
 15476 | D:10     | Noticed jasper's ghost (novice DsWr)
 15483 | D:10     | Found Upho's Assorted Antiques.
 15521 | D:10     | Noticed a gargoyle
 15529 | D:10     | Killed a gargoyle
 15888 | D:11     | Noticed Fannar
 15894 | D:11     | Killed Fannar
 15895 | D:11     | Reached XP level 11. HP: 71/84 MP: 8/21
 15995 | D:11     | Noticed an unseen horror
 16001 | D:11     | Killed an unseen horror
 16380 | D:11     | Found a staircase to the Lair.
 16433 | D:11     | Noticed an ice dragon
 16525 | D:11     | Killed an ice dragon
 16553 | D:11     | Noticed Snorg
 16560 | D:11     | Killed Snorg
 17179 | D:11     | Identified the +3 halberd of Imeboon {protect, Fragile
                  | Will+ Int+5 Stlth+}
 17205 | D:11     | Found a gateway to a bazaar.
 17214 | Bazaar   | Entered a bazaar
 17214 | Bazaar   | Found Pismoe Vuba's Assorted Antiques.
 17215 | Bazaar   | Found Vesaipp's Book Boutique.
 17249 | Bazaar   | Found Saskinul's Jewellery Emporium.
 17258 | Bazaar   | Found Suluo's Armour Shoppe.
 17300 | Bazaar   | Bought a translucent cloak for 171 gold pieces
 17300 | Bazaar   | Identified the +2 cloak "Ruvur" {rCorr Int-5 SInv} (You
                  | bought it in a shop in a bazaar)
 17338 | Bazaar   | Bought a scroll of teleportation for 54 gold pieces
 17338 | Bazaar   | Bought an ivory wand for 72 gold pieces
 17499 | Lair:1   | Entered Level 1 of the Lair of Beasts
 18738 | Lair:1   | Reached skill level 1 in Armour
 19670 | Lair:1   | Reached XP level 12. HP: 92/92 MP: 14/24
 19867 | Lair:1   | Reached skill level 5 in Conjurations
 20355 | Lair:1   | Reached skill level 5 in Fire Magic
 21448 | Lair:2   | Found a staircase to the Shoals.
 22582 | Lair:3   | Found a dark tunnel.
 22601 | Volcano  | Entered a volcano
 22736 | Volcano  | Noticed a two-headed ogre
 22737 | Volcano  | Noticed a two-headed ogre
 22742 | Volcano  | Reached skill level 5 in Evocations
 22745 | Volcano  | Killed a two-headed ogre
 22748 | Volcano  | Killed a two-headed ogre
 23195 | Volcano  | Noticed a two-headed ogre
 23198 | Volcano  | Noticed a two-headed ogre
 23207 | Volcano  | Killed a two-headed ogre
 23210 | Volcano  | Killed a two-headed ogre
 23742 | Volcano  | Noticed a two-headed ogre
 23750 | Volcano  | Killed a two-headed ogre
 24014 | Volcano  | Found the +0 pair of fencer's gloves {Riposte Dex+3}
 24016 | Volcano  | Noticed a fire dragon
 24024 | Volcano  | Killed a fire dragon
 24025 | Volcano  | Gained mutation: You are in touch with the powers of death.
                  | [Mummy growth]
 24025 | Volcano  | Reached XP level 13. HP: 98/98 MP: 25/25
 24955 | Lair:3   | You fall into a shaft and drop 2 floors!
 26347 | Lair:4   | Reached ****** piety under Qazlal
 26613 | Lair:4   | Reached skill level 5 in Armour
 27238 | Lair:4   | Found a hole to the Spider Nest.
 27332 | Lair:4   | Acquired the ring "Zukiz" {Will+ Int+6}
 27529 | Lair:4   | Acquired Acedoargh's Collected Works on the Freezing
                  | Arsonist
 27905 | Lair:4   | Learned a level 5 spell: Bolt of Magma
 27953 | Lair:5   | Reached skill level 1 in Earth Magic
 30281 | Lair:5   | Reached XP level 14. HP: 93/105 MP: 15/27
 30367 | Lair:5   | Identified the +1 swamp dragon scales of Inquiry {rPois
                  | Will+ Str+2}
 31325 | Lair:6   | Entered Level 6 of the Lair of Beasts
 31325 | Lair:6   | Found a gate leading to a gauntlet.
 31639 | Lair:6   | Noticed Rupert
 32545 | D:12     | Found a staircase to the Orcish Mines.
 33129 | Orc:1    | Entered Level 1 of the Orcish Mines
 33436 | Orc:1    | Found a runed translucent door.
 33437 | Orc:1    | Noticed Drazool's ghost (journeyman DsGl)
 33569 | Orc:1    | Killed Drazool's ghost
 33689 | Orc:2    | Entered Level 2 of the Orcish Mines
 34495 | Orc:2    | Found a staircase to the Elven Halls.
 34495 | Orc:2    | Noticed Erolcha
 34504 | Orc:2    | Killed Erolcha
 34505 | Orc:2    | Reached skill level 10 in Spellcasting
 35002 | Orc:2    | Noticed Blork the orc
 35010 | Orc:2    | Killed Blork the orc
 35149 | Orc:2    | Noticed an orc warlord
 35191 | Orc:2    | Killed an orc warlord
 35544 | Orc:2    | Reached skill level 5 in Poison Magic
 35963 | Orc:2    | Found Pykhlu's General Store.
 35966 | Orc:2    | Found Eshrimn's Antique Weapon Shoppe.
 35969 | Orc:2    | Found Xoowages's Antique Armour Shoppe.
 36069 | Orc:2    | Noticed Nessos
 36073 | Orc:2    | Killed Nessos
 36241 | Orc:2    | Found a burning altar of Makhleb.
 36306 | Orc:2    | Found Woesian's Book Shoppe.
 36693 | Orc:2    | Bought a scroll of enchant armour for 135 gold pieces
 37120 | Spider:1 | Entered Level 1 of the Spider Nest
 37833 | Spider:1 | Reached skill level 1 in Ice Magic
 38025 | Spider:1 | Reached skill level 5 in Earth Magic
 38767 | Spider:1 | Reached XP level 15. HP: 83/115 MP: 24/29
 39647 | Spider:1 | Reached skill level 10 in Fighting
 40857 | Spider:2 | Reached skill level 5 in Ice Magic
 41046 | Spider:2 | Acquired 402 gold pieces
 41681 | Spider:2 | Identified the +4 hand axe of Beyond {venom, Int+4 Dex+5}
 42538 | Orc:2    | Bought the ring "Kuxyahoj" {rPois rN+ Int+3 SInv} for 660
                  | gold pieces
 42880 | Spider:3 | Reached skill level 5 in Dodging
 43671 | Spider:3 | Found a runed translucent gate.
 43671 | Spider:3 | Found a runed translucent gate.
 43671 | Spider:3 | Found a runed translucent gate.
 43672 | Spider:3 | Noticed Tenahar's ghost (journeyman FeCK)
 43694 | Spider:3 | Noticed a ghost moth
 43709 | Spider:2 | Killed a ghost moth
 44838 | Spider:4 | Entered Level 4 of the Spider Nest
 44845 | Spider:4 | Reached skill level 1 in Shields
 45609 | Spider:3 | Reached XP level 16. HP: 82/125 MP: 3/31
 45616 | Spider:3 | Learned a level 5 spell: Fireball
 46215 | Spider:4 | Noticed Arachne
 46239 | Spider:4 | Killed Arachne
 48013 | Spider:4 | Got a gossamer rune of Zot
 48222 | Shoals:1 | Entered Level 1 of the Shoals
 48468 | Shoals:1 | Noticed Nikola
 48844 | D:5      | Bought a staff of air for 300 gold pieces
 49050 | Shoals:1 | Killed Nikola
 50002 | Shoals:1 | Reached skill level 1 in Short Blades
 50308 | Shoals:1 | Found Pihaow's Distillery.
 52581 | Shoals:2 | Reached XP level 17. HP: 131/133 MP: 23/32
 52806 | Shoals:3 | Noticed Ilsuiw
 53551 | Shoals:3 | Killed Ilsuiw
 55063 | Shoals:4 | Entered Level 4 of the Shoals
 55351 | Shoals:4 | Noticed a kraken
 55421 | Shoals:4 | Killed a kraken
 55755 | Shoals:4 | Reached skill level 10 in Fire Magic
 56296 | Shoals:4 | Noticed Polyphemus
 56307 | Shoals:4 | Killed Polyphemus
 56319 | Shoals:4 | Identified the +9 morningstar of Nemelex Xobeh's Esteem
                  | {vamp, +Fly rElec rN+}
 57490 | Shoals:4 | Reached skill level 5 in Short Blades
 57508 | Shoals:4 | Identified the +3 halberd of the Extremely Mad {speed, rN++
                  | Int+3}
 57572 | Shoals:4 | Hit by a silver javelin thrown by a merfolk javelineer

Illustrated notes

Levels and vault maps discovered:
D:1:      roderic_octagonal_star, layout_loops_ring
D:2:      layout_basic, minivault_14
D:3:      layout_rooms, old_standard_altar, uniq_natasha
D:4:      layout_loops_ring, lemuel_crystal_altar, evilmike_ruin_ashenzari,
          lightli_ossuary_entry_decrepit_ruins, minmay_ruptured, uniq_duvessa
D:5:      layout_rooms, minmay_temple_entry_sparse_star, basic_altar,
          gammafunk_ghost_arena, nicolae_elemental_shop, uniq_pikel
D:6:      layout_basic, doesnt_xom_only_xom, fedhas_bush_and_centaur_altar,
          cheibrodos_sewer_entry_sluice, okawaru_metal_pillars_1_2
D:7:      layout_basic, grunt_ministairs_4
D:8:      layout_gridville, uniq_erica
D:9:      layout_stronghold, nicolae_ru_awakened_eye, overflow_temple_1_default,
          uniq_grum, uniq_maggie
D:10:     layout_cave_pools, ebering_ghost_gozag
D:11:     minmay_coctagon, layout_small_grid, lair_entry_dummy, serial_shops,
          bzr_entry_islet, kennysheep_minor_cross, uniq_snorg, uniq_fannar
D:12:     layout_gridville, hiddenorc2_lemuel, minivault_16
Temple:   regret_index_temple_generic_petals
Lair:1:   layout_cave_pods, special_room [special_room_bee], ldierk_geyser
Lair:2:   layout_gridlike, minmay_shoals_entry_lonely_mermaid
Lair:3:   layout_hall_layers, enter_volcano_2
Lair:4:   layout_cave_pods, spider_nest_entry_webs
Lair:5:   layout_cave_pods, beast_lair_carwin_9, minmay_lair_oklob_chamber,
          serial_bayou_shore_b
Lair:6:   minmay_lair_end_frog_pond, layout_gridlike,
          nicolae_slime_entry_slimehenge, gauntlet_entry_generic, uniq_rupert
Shoals:1: layout_shoals, serial_shops, nicolae_shop_crystal,
          nicolae_shoals_stone_sculpture_thing, nicolae_shoals_circle_sea_wall,
          uniq_nikola
Shoals:2: cheibrodos_shoals_satyrical_garden, layout_shoals
Shoals:3: layout_shoals, centaur_isle, uniq_ilsuiw
Shoals:4: shoals_end_simple, layout_shoals, uniq_polyphemus
Spider:1: layout_spider_delve
Spider:2: nicolae_spider_mines_2
Spider:3: layout_spider_delve, gammafunk_ghost_tricky_traps
Spider:4: grunt_spider_rune_circles, special_room, uniq_arachne
Orc:1:    layout_caves, ebering_ghost_inner_flame
Orc:2:    grunt_orc_cross, layout_diamond_mine, roderic_batcave, bloody_makhleb,
          uniq_nessos, uniq_erolcha

Skill      XL: |  1  2  3  4  5  6  7  8  9 10 11 12 13 14 15 16 17 |
---------------+----------------------------------------------------+-----
Conjurations   | 1 2 3 4 6 7 8 |  8.2
Dodging        | 2 3 5 |  5.4
Fire Magic     | 3 4 6 7 9 10 | 10.3
Maces & Flails | 1 2 3 4 |  4.8
Fighting       | 2 4 5 7 8 9 11 12 | 12.1
Spellcasting   | 3 5 6 7 8 9 10 11 12 | 12.1
Invocations    | 2 4 5 7 8 9 |  9.4
Translocations | 1 2 |  2.3
Staves         | 2 3 |  3.8
Air Magic      | 2 |  2.2
Poison Magic   | 2 4 5 |  5.3
Hexes          | 2 |  2.1
Evocations     | 1 3 5 7 8 9 |  9.1
Armour         | 1 4 5 6 7 8 |  8.5
Earth Magic    | 2 5 |  5.0
Ice Magic      | 2 7 9 |  9.4
Shields        | 1 4 |  4.0
Short Blades   | 2 5 |  5.1
Stealth        | |  1.5

Action                   |  1- 3 |  4- 6 |  7- 9 | 10-12 | 13-15 | 16-18 || total
-------------------------+-------+-------+-------+-------+-------+-------++-------
Melee: Unarmed           |     4 |       |       |       |       |       ||     4
       Whip              |    29 |    95 |   155 |    15 |    28 |       ||   322
       Club              |     1 |       |       |       |       |       ||     1
       Staff             |       |       |   104 |   355 |   390 |   160 ||  1009
 Cast: Foxfire           |    52 |   110 |   214 |    41 |     8 |     7 ||   432
       Sticky Flame      |       |       |    12 |    42 |    67 |    40 ||   161
       Mephitic Cloud    |       |       |    13 |    86 |    79 |    42 ||   220
       Poisonous Vapours |       |       |    12 |    87 |   198 |    96 ||   393
       Ignite Poison     |       |       |     4 |    38 |   105 |   106 ||   253
       Inner Flame       |       |       |       |     8 |       |     1 ||     9
       Olgreb's Toxic Ra |       |       |       |     8 |    81 |   101 ||   190
       Bolt of Magma     |       |       |       |       |    43 |    39 ||    82
       Blink             |       |       |       |       |     8 |     5 ||    13
       Fireball          |       |       |       |       |       |    13 ||    13
Invok: Upheaval          |       |       |       |     1 |       |     4 ||     5
       Elemental Force   |       |       |       |     1 |       |     1 ||     2
       Disaster Area     |       |       |       |       |     2 |       ||     2
Evoke: Wand              |       |       |       |    13 |     6 |    20 ||    39
       Phantom mirror    |       |       |       |       |       |     3 ||     3
  Use: Scroll            |       |     7 |    12 |     7 |    15 |    13 ||    54
 Stab: Sleeping          |     3 |     1 |       |       |       |       ||     4
       Confused          |       |       |     3 |    15 |     6 |     2 ||    26
Armor: Robe              |     6 |    19 |    80 |   119 |       |       ||   224
       Steam dragon scal |       |       |       |    20 |    75 |       ||    95
       Swamp dragon scal |       |       |       |       |   296 |   181 ||   477
Dodge: Dodged            |    23 |    61 |   212 |   286 |   389 |   221 ||  1192
       Repelled          |       |       |       |     3 |     8 |     6 ||    17
Block: Other             |       |       |    41 |   134 |   295 |    38 ||   508
       Buckler           |       |       |       |       |       |   221 ||   221

Table legend: (Time is in decaauts)
 A = Elapsed time spent in this place.
 B = Non-inter-level travel time spent in this place.
 C = Inter-level travel time spent in this place.
 D = Time resting spent in this place.
 E = Time spent auto-exploring this place.
 F = Levels seen in this place.
 G = Mean time per level.
                   A        B        C        D        E       F      G
               +--------+--------+--------+--------+--------+-----+--------+
         Total |  57895 |  53517 |   4378 |  29644 |  14318 |  32 | 1809.2 |
       Dungeon |  17154 |  15565 |   1589 |   6399 |   6304 |  12 | 1429.5 |
        Temple |    973 |    973 |      0 |    906 |      0 |   1 |  973.0 |
          Lair |  13203 |  12181 |   1022 |   7220 |   2774 |   6 | 2200.5 |
        Shoals |   8596 |   8198 |    398 |   4900 |   2048 |   4 | 2149.0 |
   Spider Nest |  10405 |   9489 |    916 |   6460 |   1833 |   4 | 2601.2 |
  Orcish Mines |   3903 |   3451 |    452 |   1640 |   1044 |   2 | 1951.5 |
        Bazaar |    146 |    146 |      0 |      0 |      0 |   1 |  146.0 |
       Ossuary |   1652 |   1652 |      0 |   1133 |      8 |   1 | 1652.0 |
       Volcano |   1859 |   1859 |      0 |    986 |    306 |   1 | 1859.0 |
               +--------+--------+--------+--------+--------+-----+--------+

Top non-repeatable levels by time:
  Lair:5: 3700 daAuts
Spider:2: 3595 daAuts
  Lair:1: 3264 daAuts
   Orc:2: 3130 daAuts
Spider:1: 3063 daAuts
  Lair:4: 2916 daAuts
Shoals:2: 2443 daAuts
Shoals:3: 2197 daAuts
Shoals:4: 2158 daAuts
     D:4: 2099 daAuts
  Lair:2: 1928 daAuts
Spider:4: 1900 daAuts
 Volcano: 1859 daAuts
Spider:3: 1846 daAuts
    D:11: 1835 daAuts
